 Dungeon Crawl Stone Soup version 0.29.1-1-gd02db6906a (webtiles) character file.

Game seed: 8715499300298756306

11335 hawla the Frost Mage (level 11, -13/86 HPs)
             Began as a White Draconian Conjurer on Oct 7, 2022.
             Was a Priest of Vehumet.
             Mangled by a death yak (16 damage)
             ... on level 10 of the Dungeon on Oct 8, 2022.
             The game lasted 00:52:40 (17207 turns).

hawla the Frost Mage (White Draconian Conjurer)    Turns: 17207, Time: 00:52:40

Health: -13/86     AC: 13    Str: 14    XL:     11   Next: 48%
Magic:  0/28       EV: 12    Int: 22    God:    Vehumet [***...]
Gold:   745        SH:  0    Dex: 11    Spells: 5/21 levels left

rFire   . . .      SeeInvis +   b - +0 quarterstaff (vorpal)
rCold   + + .      Faith    .   (shield currently unavailable)
rNeg    . . .      Spirit   +   (body armour unavailable)
rPois   .          Reflect  .   C - +2 hat
rElec   +          Harm     .   r - +1 cloak
rCorr   .          Rampage  .   (no gloves)
Will    .....                   u - +0 pair of boots
Stlth   ++........              a - amulet "Dijip" {Spirit +Inv rElec rC+ Str+5}
HPRegen 0.24/turn               g - ring of see invisible
MPRegen 0.21/turn               o - ring of magical power

@: no status effects
A: breathe frost, AC +7, unfitting armour, cold resistance 1, cold-blooded,
beak, robust 1, shaggy fur 1
a: Breathe Frost, Renounce Religion, Evoke Invisibility


You were on level 10 of the Dungeon.
You worshipped Vehumet.
Vehumet was most pleased with you.
You visited 3 branches of the dungeon, and saw 13 of its levels.
You also visited: Sewer.

You collected 745 gold pieces.

Inventory:

Hand Weapons
 b - a +0 vorpal quarterstaff (weapon)
 z - the +6 rapier "Vuoneg" {elec, rCorr Stlth+}
   (You took it off a kobold brigand on level 9 of the Dungeon)

   It occasionally discharges a powerful burst of electricity upon striking a
   foe.
   rCorr:     It protects you from acid and corrosion.
   Stlth:     It makes you more stealthy.
 F - a +3 scimitar of flaming
Missiles
 i - 88 poisoned darts (quivered)
 l - 5 atropa-tipped darts
 A - 3 curare-tipped darts
Armour
 r - a +1 cloak (worn)
 u - a +0 pair of boots (worn)
 C - a +2 hat (worn)
Magical Staves
 B - a staff of poison
Jewellery
 a - the amulet "Dijip" (around neck) {Spirit +Inv rElec rC+ Str+5}
   (You acquired it on level 2 of the Dungeon)

   [amulet of guardian spirit]

   It causes incoming damage to be divided between your reserves of health and
   magic.
   Str:       It affects your strength (+5).
   rC:        It protects you from cold.
   rElec:     It insulates you from electricity.
   +Inv:      It lets you turn invisible.
 g - a ring of see invisible (left hand)
 n - the ring of Metuj {rPois rC+}
   (You found it on level 3 of the Dungeon)

   [ring of protection from cold]

   rC:        It protects you from cold.
   rPois:     It protects you from poison.
 o - a ring of magical power (right hand)
 q - an amulet of regeneration
 G - an amulet of reflection
 H - a +4 ring of evasion
 K - a +6 ring of strength
Wands
 e - a wand of polymorph (8)
 f - a wand of iceblast (6)
 j - a wand of digging (10)
 v - a wand of flame (23)
 y - a wand of paralysis (3)
Scrolls
 h - a scroll of brand weapon
 k - 2 scrolls of identify
 p - a scroll of magic mapping
 x - 2 scrolls of enchant weapon
 E - a scroll of silence
 J - a scroll of amnesia
Potions
 c - a potion of flight
 d - 6 potions of curing
 m - 3 potions of cancellation
 t - 4 potions of might


   Skills:
 + Level 2.3 Fighting
 + Level 2.2 Staves
 + Level 0.5 Throwing
 + Level 3.6 Dodging
 - Level 2.8 Stealth
 + Level 5.8 Spellcasting
 + Level 9.2 Conjurations
 + Level 4.1 Hexes
 + Level 4.6 Translocations
 + Level 12.1 Ice Magic
 + Level 6.6 Air Magic
 + Level 1.5 Poison Magic
 + Level 1.5 Evocations


You had 5 spell levels left.
You knew the following spells:

 Your Spells              Type           Power      Damage    Failure   Level
a - Magic Dart            Conj           100%       1d8       1%          1
b - Searing Ray           Conj           94%        2d7       1%          2
c - Iskenderun's Mystic   Conj/Tloc      37%        2d9       1%          4
d - Metabolic Englaciati  Hex/Ice        21%        N/A       9%          5
e - Airstrike             Air            17%        2d(3-19)  1%          4

Your spell library contained the following spells:

 Spells                   Type           Power      Damage    Failure   Level
 Sticky Flame             Conj/Fire      26%        2d5       4%          4
 Dazzling Flash           Conj/Hex       70%        N/A       1%          3
 Ozocubu's Armour         Ice            56%        N/A       1%          3
 Stone Arrow              Conj/Erth      52%        3d10      1%          3
 Fulminant Prism          Conj/Hex       17%        3d11      1%          4
 Lightning Bolt           Conj/Air       20%        1d35      2%          5
 Passage of Golubria      Tloc           26%        N/A       14%         4
 Summon Lightning Spire   Summ/Air       20%        N/A       24%         4
 Silence                  Hex/Air        15%        N/A       28%         5
 Agony                    Necr           6%         N/A       95%         5
 Simulacrum               Ice/Necr       16%        N/A       75%         6
 Lehudib's Crystal Spear  Conj/Erth      13%        10d4      100%        8
 Animate Armour           Summ/Erth      Unusable   N/A       N/A         4

Dungeon Overview and Level Annotations

Branches:
Dungeon (11/15)            Temple (1/1) D:4            Lair (1/5) D:10
    Orc (0/2) D:10          Sewer (visited)

Altars:
Ashenzari
Cheibriados
Dithmenos
Elyvilon
Fedhas
Gozag
Hepliaklqana
Kikubaaqudgha
Makhleb
Nemelex Xobeh
Okawaru
Qazlal
Ru
Sif Muna
Trog
Uskayaw
Vehumet
Wu Jian
Xom
Yredelemnul
Zin
The Shining One

Annotations:
D:5 dig the gold
D:9 2 transporters, quakins's ghost, novice MiBe


Innate Abilities, Weirdness & Mutations

You can breathe waves of freezing cold which knock back foes.
Your icy white scales are hard. (AC +7)
You cannot fit into any form of body armour.
Your flesh is cold resistant. (rC+)
You are cold-blooded and may be slowed by cold attacks.
You have a beak for a mouth.
You are robust. (+10% HP)
You are covered in fur. (AC +1)


Message History

The death yak slams into the rock wall!
The death yak is lightly wounded.
The death yak gores you! x2
Casting: Iskenderun's Mystic Blast (dangerous; 1% risk of failure)
Confirm with . or Enter, or press ? or * to list all spells.
You erupt in a blast of force!
The mystic blast hits the death yak!
The death yak is lightly wounded.
The death yak is knocked back by the mystic blast.
The mystic blast hits the death yak.
The death yak is lightly wounded.
The death yak is knocked back by the mystic blast.
The death yak slams into the rock wall!
The mystic blast hits the death yak.
The death yak is moderately wounded.
The death yak is knocked back by the mystic blast.
The death yak slams into the rock wall!
The death yak is moderately wounded.
The mystic blast hits the death yak but does no damage.
The death yak is lightly wounded.
The death yak barely misses you. The death yak closely misses you.
The death yak gores you! x2
* * * LOW HITPOINT WARNING * * *
The death yak gores you!
* * * LOW HITPOINT WARNING * * *
You climb upwards.
Welcome back to the Dungeon!
There is a staircase to the Lair here.
Okay, then.
You feel better. The death yak gores you!
* * * LOW HITPOINT WARNING * * *
The death yak gores you.
* * * LOW HITPOINT WARNING * * *
The death yak gores you!
* * * LOW HITPOINT WARNING * * *
Unknown command.
Casting: Iskenderun's Mystic Blast (dangerous; 1% risk of failure)
Confirm with . or Enter, or press ? or * to list all spells.
You don't have enough magic to cast this spell.
You hit the death yak but do no damage.
The death yak is moderately wounded.
The death yak closely misses you. The death yak gores you!
You die...

...#......# ####...#####.........
...#......###..(...### #.........
...#......#....P.P...###....##...
...#..........P.P.P.........##)..
...#.........P.....P.P......##...
...#................P.......##...
...#.......P..#'##.P.PP.....##...
..............#YY#P.P............
...........P..#Y@#...P.......####
..........P.P.####..P........#...
...........P.......P.........#...
.........#..P.........#......#...
.........+P....P.P....#......'...
.........#...P..P.....#......#...
.........####...P..)###......#...
...............+....#......###...
..#######.####.#....'.####.#.....


You could see 3 death yaks.

Vanquished Creatures
  Snorg (D:10)
  A boulder beetle (D:11)
  Erica (D:9)
  A two-headed ogre (D:9)
  A cyclops (D:10)
  A cane toad (Lair:1)
  An unseen horror (D:10)
  A rime drake (Lair:1)
  A komodo dragon (D:10)
  A kobold demonologist (D:9)
  2 trolls (D:10)
  Prince Ribbit (D:7)
  A hornet (D:10)
  A shadow (D:8)
  A wraith (D:10)
  A wyvern (D:8)
  A yak (D:9)
  3 basilisks (Lair:1)
  2 acid dragons (D:10)
  2 water moccasins
  Duvessa (D:6)
  2 orc warriors (D:10)
  2 black bears (D:9)
  A sky beast (D:6)
  3 ogres
  A centaur (D:10)
  6 wolves (Lair:1)
  2 phantoms
  14 kobold brigands
  2 bullfrogs
  8 gnoll sergeants
  4 scorpions
  4 wights
  Dowan (D:6)
  8 killer bees
  A howler monkey (D:9)
  4 orc priests
  2 hounds
  2 jellies
  7 orc wizards
  3 iguanas
  20 gnolls
  4 adders
  7 river rats
  A shadow imp (D:5)
  2 white imps
  A worm (D:2)
  4 dart slugs
  33 orcs
  14 ball pythons
  5 bats
  3 endoplasms
  2 giant cockroaches
  9 goblins
  6 hobgoblins
  39 kobolds
  4 quokkas
  A frilled lizard (D:2)
  24 rats
  A butterfly (Lair:1)
283 creatures vanquished.

Vanquished Creatures (others)
  16 fungi
  14 plants
30 creatures vanquished.

Grand Total: 313 creatures vanquished

Notes
Turn   | Place    | Note
-------+----------+-------------------------------------------
     0 | D:1      | hawla the Draconian Conjurer began the quest for the Orb.
     0 | D:1      | Reached XP level 1. HP: 14/14 MP: 3/3
   235 | D:1      | Found a faded altar of an unknown god.
   249 | D:1      | Reached XP level 2. HP: 20/20 MP: 1/5
   517 | D:1      | Learned a level 2 spell: Searing Ray
  1391 | D:2      | Identified a scroll of acquirement
  1391 | D:2      | Acquired the amulet "Dijip" {Spirit +Inv rElec rC+ Str+5}
  1582 | D:2      | Reached XP level 3. HP: 21/26 MP: 0/6
  2730 | D:3      | Reached XP level 4. HP: 33/33 MP: 4/7
  2733 | D:3      | Reached skill level 5 in Conjurations
  3234 | D:3      | Reached XP level 5. HP: 38/38 MP: 6/9
  3670 | D:3      | Identified the ring of Metuj {rPois rC+}
  3949 | D:4      | Learned a level 4 spell: Iskenderun's Mystic Blast
  4085 | D:4      | Found a glowing drain.
  4098 | Sewer    | Entered a sewer
  4279 | Sewer    | Reached skill level 1 in Translocations
  4912 | Sewer    | Gained mutation: You are weak. (Str -2) [potion of
                  | mutation]
  4912 | Sewer    | Gained mutation: Your spells are a little harder to cast,
                  | but a little more powerful. [potion of mutation]
  4926 | Sewer    | Reached XP level 6. HP: 15/45 MP: 1/10
  5672 | D:4      | Found a staircase to the Ecumenical Temple.
  5822 | Temple   | Entered the Ecumenical Temple
  6069 | Temple   | Became a worshipper of Vehumet
  6293 | D:4      | Found a hazy altar of Hepliaklqana.
  6384 | D:4      | Found an iron altar of Okawaru.
  6439 | D:5      | Entered Level 5 of the Dungeon
  6446 | D:5      | Your scales start taking on an icy white colour.
  6446 | D:5      | Reached XP level 7. HP: 50/50 MP: 11/11
  6446 | D:5      | Gained mutation: Your flesh is cold resistant. (rC+) [White
                  | Draconian growth]
  6447 | D:5      | Lost mutation: You are weak. (Str -2) [potion of mutation]
  6447 | D:5      | Lost mutation: Your spells are a little harder to cast, but
                  | a little more powerful. [potion of mutation]
  6447 | D:5      | Gained mutation: Your body sometimes deteriorates upon
                  | taking damage. [potion of mutation]
  6447 | D:5      | Gained mutation: You passively map a small area around you.
                  | [potion of mutation]
  6448 | D:5      | Lost mutation: Your body sometimes deteriorates upon taking
                  | damage. [potion of mutation]
  6448 | D:5      | Lost mutation: You passively map a small area around you.
                  | [potion of mutation]
  6448 | D:5      | Gained mutation: You are robust. (+10% HP) [potion of
                  | mutation]
  6448 | D:5      | Gained mutation: You have a beak for a mouth. [potion of
                  | mutation]
  6448 | D:5      | Gained mutation: You are covered in fur. (AC +1) [potion of
                  | mutation]
  6560 | D:5      | Found a blossoming altar of Fedhas.
  6820 | D:5      | Found an ancient bone altar of Kikubaaqudgha.
  7186 | D:5      | Found a glowing silver altar of Zin.
  7677 | D:6      | Reached skill level 1 in Fighting
  7905 | D:6      | Reached XP level 8. HP: 64/64 MP: 12/13
  7991 | D:6      | Noticed Dowan
  7992 | D:6      | Found a glowing golden altar of the Shining One.
  7993 | D:6      | Noticed Duvessa
  7996 | D:6      | Killed Dowan
  8012 | D:6      | Killed Duvessa
  8814 | D:6      | Learned a level 5 spell: Metabolic Englaciation
  8991 | D:7      | Reached skill level 1 in Ice Magic
  9034 | D:7      | Found an opulent altar of Gozag.
  9059 | D:7      | Found a shimmering altar of Xom.
  9194 | D:7      | Reached skill level 2 in Ice Magic
  9197 | D:7      | Reached skill level 3 in Ice Magic
  9198 | D:7      | Reached * piety under Vehumet
  9198 | D:7      | Offered knowledge of Shock by Vehumet.
  9199 | D:7      | Reached skill level 4 in Ice Magic
  9458 | D:7      | Identified the +7 chain mail of Catatonia {Int+6}
  9468 | D:7      | Noticed Prince Ribbit
  9483 | D:7      | Killed Prince Ribbit
  9484 | D:7      | Reached skill level 5 in Ice Magic
  9484 | D:7      | Reached XP level 9. HP: 61/73 MP: 7/16
  9831 | D:8      | Reached skill level 6 in Ice Magic
 10135 | D:8      | Reached skill level 7 in Ice Magic
 10670 | D:9      | Reached skill level 8 in Ice Magic
 11048 | D:9      | Offered knowledge of Freeze by Vehumet.
 11050 | D:9      | Reached skill level 9 in Ice Magic
 11055 | D:9      | Reached ** piety under Vehumet
 11173 | D:9      | Reached skill level 1 in Hexes
 11198 | D:9      | Noticed Erica
 11212 | D:9      | Killed Erica
 11213 | D:9      | Reached skill level 10 in Ice Magic
 11676 | D:9      | Found a transporter.
 11677 | D:9      | Found a transporter.
 11677 | D:9      | Noticed a two-headed ogre
 11677 | D:9      | Noticed quakins's ghost (novice MiBe)
 11678 | D:9      | Noticed a two-headed ogre
 11680 | D:9      | Identified the +4 giant spiked club of Death {vorpal, Drain
                  | Fly rPois Str+2}
 11680 | D:9      | Noticed a two-headed ogre
 11681 | D:9      | Noticed a two-headed ogre
 11681 | D:9      | Noticed a kobold demonologist
 11692 | D:9      | Noticed a hellwing
 11694 | D:9      | Killed a kobold demonologist
 11695 | D:9      | Reached skill level 11 in Ice Magic
 11695 | D:9      | Reached XP level 10. HP: 80/80 MP: 0/17
 11853 | D:9      | Noticed a two-headed ogre
 12091 | D:9      | Found a shimmering blue altar of Sif Muna.
 12239 | D:9      | Found a bloodstained altar of Trog.
 12264 | D:9      | Killed a two-headed ogre
 12751 | D:9      | Found a basalt altar of Yredelemnul.
 12796 | D:9      | Reached skill level 1 in Evocations
 12830 | D:9      | Identified the +6 rapier "Vuoneg" {elec, rCorr Stlth+}
 12844 | D:9      | Reached skill level 1 in Poison Magic
 13125 | D:10     | Entered Level 10 of the Dungeon
 13221 | D:10     | Noticed a cyclops
 13306 | D:10     | Killed a cyclops
 13307 | D:10     | Reached skill level 5 in Spellcasting
 13307 | D:10     | Reached skill level 12 in Ice Magic
 13433 | D:10     | Reached skill level 1 in Staves
 13555 | D:10     | Offered knowledge of Conjure Flame by Vehumet.
 13717 | D:9      | Learned a level 4 spell: Airstrike
 14485 | D:10     | Found a white marble altar of Elyvilon.
 14497 | D:10     | Noticed Snorg
 14944 | D:10     | Found a staircase to the Orcish Mines.
 14949 | D:10     | Reached *** piety under Vehumet
 14950 | D:10     | Reached XP level 11. HP: 86/86 MP: 10/18
 14959 | D:10     | Reached skill level 5 in Air Magic
 14967 | D:10     | Killed Snorg
 15208 | D:10     | Found a staircase to the Lair.
 15233 | D:10     | Offered knowledge of Sticky Flame by Vehumet.
 15593 | D:11     | Noticed a boulder beetle
 15603 | D:11     | Noticed a purple ugly thing
 15603 | D:11     | Noticed a five-headed hydra
 15607 | D:11     | Killed a boulder beetle
 15806 | Lair:1   | Entered Level 1 of the Lair of Beasts
 16710 | Lair:1   | Noticed a death yak
 16711 | Lair:1   | Noticed a death yak
 16712 | Lair:1   | Noticed a death yak
 16712 | Lair:1   | Noticed a death yak
 17206 | D:10     | HP: 2/86 [death yak (12)]
 17207 | D:10     | Mangled by a death yak

Illustrated notes

Levels and vault maps discovered:
D:1:      elethiomel_arrival_shortcut, layout_loops_ring,
          dreamdust_ecumenical_altar_grove, minmay_ruptured
D:2:      layout_basic, serial_corexii_hall, corexii_hall_statues_s,
          corexii_hall_statues_x
D:3:      layout_basic, minmay_misc_feat_rows
D:4:      layout_rooms, mainiacjoe_overflow_small_starburst, marbit_many_paths,
          minmay_temple_entry_mist, portal_sewer_entry_a, nrook_loot_triangle
D:5:      layout_loops_ring, zin_treasury, kiku_gazebo_garden_becter,
          fedhas_altar_2, minmay_crossroads
D:6:      layout_gridville, mainiacjoe_overflow_tiny_flanked, uniq_duvessa
D:7:      layout_basic, general_overflow_altar, grunt_gozag_statues,
          uniq_prince_ribbit1
D:8:      layout_basic
D:9:      layout_cave_pools, trog_ov_bears_minmay, led_sif_book,
          kennysheep_little_box, gammafunk_ghost_smash, kennysheep_potato,
          uniq_erica
D:10:     layout_stronghold, mainiacjoe_overflow_catwalk,
          grunt_lair_entry_orc_guard_hut,
          kennysheep_orc_monster_closet_entryway, uniq_snorg
D:11:     layout_basic
Temple:   jpeg_temple_alley_garden
Lair:1:   layout_long_grid, grunt_forest_small_clearing_treed,
          infiniplex_staircase_pool_2, lemuel_fruit_tree, lemuel_fruit_fields

Skill      XL: |  1  2  3  4  5  6  7  8  9 10 11 |
---------------+----------------------------------+-----
Dodging        | 2 3 |  3.6
Stealth        | 2 |  2.8
Conjurations   | 5 6 8 9 |  9.2
Spellcasting   | 3 4 5 |  5.8
Translocations | 2 3 4 |  4.6
Fighting       | 1 2 |  2.3
Ice Magic      | 5 11 12 | 12.1
Hexes          | 2 3 4 |  4.1
Evocations     | 1 |  1.5
Poison Magic   | 1 |  1.5
Staves         | 1 2 |  2.2
Air Magic      | 4 6 |  6.6
Throwing       | |  0.5

Action                   |  1- 3 |  4- 6 |  7- 9 | 10-12 || total
-------------------------+-------+-------+-------+-------++-------
Melee: Unarmed           |    58 |    37 |       |       ||    95
       Tailslap          |     7 |     4 |     4 |    17 ||    32
       Punch             |     1 |       |       |       ||     1
       Quarterstaff      |       |       |    36 |   115 ||   151
       Peck              |       |       |     8 |    12 ||    20
Throw: Dart              |       |     1 |       |    26 ||    27
 Cast: Magic Dart        |    64 |    68 |    44 |    11 ||   187
       Searing Ray       |    17 |    32 |    45 |    27 ||   121
       Iskenderun's Myst |       |     1 |    47 |    92 ||   140
       Metabolic Englaci |       |       |     4 |     7 ||    11
       Airstrike         |       |       |       |     5 ||     5
 Abil: Breathe Frost     |       |       |       |     1 ||     1
Evoke: Wand              |       |     4 |       |     4 ||     8
  Use: Scroll            |     8 |     4 |     6 |    15 ||    33
       Potion            |     1 |     5 |     6 |     9 ||    21
 Stab: Paralysed         |       |     9 |       |       ||     9
       Sleeping          |       |       |     1 |       ||     1
Armor: Skin              |    22 |    16 |    57 |   136 ||   231
Dodge: Dodged            |    50 |    32 |    76 |   155 ||   313
